 Dungeon Crawl Stone Soup version 0.21.1-1-g345015fe64 (webtiles) character file.

942 Bergy the Cutter (level 8, -10/46 HPs)
             Began as a Gargoyle Fighter on July 22, 2018.
             Was a Follower of Makhleb.
             Killed by divine providence
             ... invoked by an orc priest
              (14 damage)
             ... on level 5 of the Dungeon.
             The game lasted 00:30:48 (5108 turns).

Bergy the Cutter (Gargoyle Fighter)                 Turns: 5108, Time: 00:30:48

Health: -10/46     AC: 23    Str: 21    XL:     8   Next: 12%
Magic:  8/8        EV:  4    Int: 10    God:    Makhleb [*.....]
Gold:   235        SH:  9    Dex:  9    Spells: 7/7 levels left

rFire    . . .     SeeInvis .   F - +1 mace (protect)
rCold    + . .     Gourm    .   c - +0 shield
rNeg     + . .     Faith    .   o - +0 plate armour
rPois    ∞         Spirit   .   (no helmet)
rElec    +         Reflect  .   e - +0 cloak
rCorr    .         Harm     .   q - +0 pair of gloves
MR       .....                  D - +2 pair of boots {Stlth+}
Stlth    ..........             (no amulet)
HPRegen  0.15/turn              v - ring of protection from cold
MPRegen  0.11/turn              (no ring)

@: no status effects
A: negative energy resistance 1, electricity resistance, unbreathing,
petrification resistance, rot immunity, AC +5
a: Renounce Religion


You were on level 5 of the Dungeon.
You worshipped Makhleb.
Makhleb was aware of your devotion.
You were not hungry.

You visited 1 branch of the dungeon, and saw 6 of its levels.

You collected 235 gold pieces.

Inventory:

Hand Weapons
 a - a +0 flail
 i - a +2 rapier of venom
 x - a +2 hand axe of chopping
 F - a +1 mace of protection (weapon)
Armour
 c - a +0 shield (worn)
 e - a +0 cloak (worn)
 o - a +0 plate armour (worn)
 q - a +0 pair of gloves (worn)
 D - a +2 pair of boots of stealth (worn)
Jewellery
 p - an uncursed ring of protection from cold
 v - a ring of protection from cold (left hand)
 A - an uncursed ring of protection from magic {unknown}
Wands
 r - a wand of paralysis (2)
Scrolls
 g - 2 scrolls of acquirement
 j - 2 scrolls of teleportation {unknown}
 k - a scroll of immolation
 s - a scroll of noise {unknown}
 t - 2 scrolls of magic mapping
 u - 2 scrolls of remove curse
 w - a scroll of amnesia {unknown}
 y - a scroll of enchant weapon {unknown}
 C - a scroll of fear {unknown}
Potions
 b - a potion of lignification
 d - a potion of might
 l - a potion of flight {unknown}
 n - a potion of invisibility {unknown}
 z - a potion of haste {unknown}
 B - 2 potions of degeneration {unknown}
Comestibles
 f - 10 rations


   Skills:
 - Level 3.3 Fighting
 - Level 6.2 Short Blades
 * Level 5.1 Maces & Flails
 - Level 4.6 Armour
 - Level 0.2 Stealth
 - Level 3.3 Shields


You had 7 spell levels left.
You didn't know any spells.

Dungeon Overview and Level Annotations

Branches:
Dungeon (6/15)             Temple (0/1) D:5

Altars:
Cheibriados
Elyvilon
Gozag
Makhleb
Nemelex Xobeh
Okawaru
Qazlal
Ru
Uskayaw

Shops:
D:4 [


Innate Abilities, Weirdness & Mutations

You are resistant to torment.
Your stone body is resilient. (AC +5)
You are immune to poison.
You resist negative energy. (rN+)
You are resistant to electric shocks. (rElec)
You can survive without breathing.
You are immune to petrification.
You are immune to rotting.


Message History

It was a scroll of immolation.
The orc priest hits you but does no damage.
As you read the scroll labeled GEGOAMEERIR, it crumbles to dust.
The scroll dissolves into smoke.
It was a scroll of fog.
The orc priest hits you but does no damage.
The orc warrior hits you but does no damage.
You block the orc priest's attack.
You closely miss the orc priest.
The orc priest begins to cast a cantrip, but forgets the words!
You block the orc priest's attack.
The orc warrior hits you with a war axe.
The orc priest invokes the aid of Beogh against you.
Beogh smites you!
* * * LOW HITPOINT WARNING * * *
You closely miss the orc priest. You block the orc priest's attack.
The orc warrior hits you with a war axe.
* * * LOW HITPOINT WARNING * * *
The orc priest calls down the wrath of Beogh upon you.
Beogh smites you!
You die...

##### #.§§#
#############.§o##
..............§o@#
#####.####.##.§o##
### #.# #.######
..###.# #.#
.#.##.####+####
##########
....#.........#
#........#
....####......#
#.######.# .####
#......# #.# #.#
###8*
#......#####.######.#


You could see an orc warrior (inner flame) and 2 orc priests.

Vanquished Creatures
  The ghost of tensugalgo the Ruffian, an amateur NaWr (D:5)
  2 centaurs (D:5)
  Blork the orc (D:5)
  3 hounds
  An orc priest (D:4)
  4 orc wizards
  A centaur skeleton (D:5)
  An iguana (D:4)
  Ijyb (D:3)
  2 worker ants (D:4)
  7 adders
  2 adder skeletons (D:5)
  2 worms
  A leopard gecko (D:3)
  11 orcs
  3 giant cockroaches
  8 goblins
  8 hobgoblins
  4 kobolds
  2 quokkas
  A ball python (D:4)
  11 bats
  4 frilled lizards
  A jackal skeleton (D:4)
  3 rats
85 creatures vanquished.

Notes
Turn   | Place    | Note
-------+----------+-------------------------------------------
     0 | D:1      | Bergy the Gargoyle Fighter began the quest for the Orb.
     0 | D:1      | Reached XP level 1. HP: 14/14 MP: 1/1
   225 | D:1      | Reached XP level 2. HP: 17/19 MP: 2/2
   989 | D:2      | Reached XP level 3. HP: 21/23 MP: 3/3
  1186 | D:2      | Found a stormy altar of Qazlal.
  1186 | D:2      | Noticed an air elemental
  1190 | D:2      | Noticed a dagger
  1191 | D:2      | Noticed a hand axe
  1197 | D:2      | Found a hide-covered altar of Uskayaw.
  1224 | D:2      | Found a sacrificial altar of Ru.
  1270 | D:2      | Reached skill level 1 in Short Blades
  1369 | D:2      | Found a burning altar of Makhleb.
  1378 | D:2      | Reached skill level 2 in Short Blades
  1378 | D:2      | Reached XP level 4. HP: 24/28 MP: 4/4
  1428 | D:2      | Became a worshipper of Makhleb the Destroyer
  1573 | D:2      | Noticed an earth elemental
  1576 | D:2      | Noticed a water elemental
  1576 | D:2      | Noticed a fire elemental
  1667 | D:3      | Noticed Ijyb
  1674 | D:3      | Paralysed by Ijyb for 7 turns
  1684 | D:3      | Paralysed by Ijyb for 2 turns
  1685 | D:3      | Killed Ijyb
  1755 | D:3      | Reached XP level 5. HP: 32/32 MP: 5/5
  1989 | D:3      | Reached skill level 3 in Short Blades
  2026 | D:3      | Found an iron altar of Okawaru.
  2144 | D:3      | Found a sparkling altar of Nemelex Xobeh.
  2144 | D:3      | Found an opulent altar of Gozag.
  2251 | D:3      | Found a faded altar of an unknown god.
  2448 | D:4      | Found Vueq Rukk's Armour Shoppe.
  2669 | D:4      | Reached * piety under Makhleb
  2697 | D:4      | Reached skill level 4 in Short Blades
  2697 | D:4      | Reached XP level 6. HP: 27/37 MP: 6/6
  3210 | D:5      | Entered Level 5 of the Dungeon
  3379 | D:5      | Reached skill level 5 in Short Blades
  3379 | D:5      | Reached XP level 7. HP: 39/41 MP: 7/7
  3399 | D:5      | Found a snail-covered altar of Cheibriados.
  3587 | D:5      | Reached skill level 6 in Short Blades
  3773 | D:5      | Found a staircase to the Ecumenical Temple.
  3806 | D:5      | Noticed Blork the orc
  3845 | D:5      | Identified 3 scrolls of acquirement
  3874 | D:5      | Killed Blork the orc
  4032 | D:5      | Noticed tensugalgo's ghost (amateur NaWr)
  4201 | D:5      | Killed tensugalgo's ghost
  4201 | D:5      | Reached skill level 5 in Maces & Flails
  4201 | D:5      | Reached XP level 8. HP: 16/46 MP: 8/8
  4622 | D:5      | Found a white marble altar of Elyvilon.
  5108 | D:5      | Killed from afar by an orc priest

Skill      XL: |  1  2  3  4  5  6  7 |
---------------+----------------------+-----
Maces & Flails | 3 5 |  5.1
Short Blades   | 2 4 5 6 |  6.2
Armour         | 4 |  4.6
Fighting       | |  3.3
Stealth        | |  0.2
Shields        | |  3.3

Action                   |  1- 3 |  4- 6 |  7- 9 || total
-------------------------+-------+-------+-------++-------
Melee: Flail             |    76 |       |       ||    76
       Rapier            |    43 |   168 |    36 ||   247
       Mace              |       |       |    95 ||    95
  Use: Scroll            |     3 |     2 |     5 ||    10
       Potion            |       |       |     4 ||     4
  Eat: Chunk             |     2 |     6 |     3 ||    11
       Ration            |       |       |     1 ||     1
Armor: Scale mail        |    65 |       |       ||    65
       Plate armour      |    31 |   132 |    65 ||   228
       Skin              |       |       |    15 ||    15
Dodge: Dodged            |    34 |    30 |    25 ||    89
Block: Shield            |    72 |    67 |    69 ||   208
